 Dungeon Crawl Stone Soup version 0.30-a0-172-gc5509c9e31 (webtiles) character file.

Game seed: 10354140138546348161

197 KennySheep the Trooper (level 5, 0/81 HPs)
             Began as an Ogre Gladiator on Oct 2, 2022.
             Was a Follower of Trog.
             Succumbed to a water moccasin's poison
             ... on level 5 of the Dungeon.
             The game lasted 00:07:15 (3466 turns).

KennySheep the Trooper (Ogre Gladiator)             Turns: 3466, Time: 00:07:16

Health: 0/81       AC:  3    Str: 20    XL:     5   Next: 75%
Magic:  5/5        EV: 10    Int:  9    God:    Trog [*.....]
Gold:   222        SH:  0    Dex: 10    Spells: 4/4 levels left

rFire   . . .      SeeInvis .    a - +0 flail
rCold   . . .      Faith    .    (no shield)
rNeg    . . .      Spirit   .    b - +0 robe
rPois   .          Reflect  .    c - +0 hat
rElec   .          Harm     .    (no cloak)
rCorr   .          Rampage  .    (gloves unavailable)
Will    .....                    (boots unavailable)
Stlth   ..........               (no amulet)
HPRegen 0.33/turn                (no ring)
MPRegen 0.09/turn                (no ring)

@: berserking (expiring), lethally poisoned (0 -> -21), very quick
A: large, unfitting armour, tough skin 1
a: Renounce Religion, Berserk


You were on level 5 of the Dungeon.
You worshipped Trog.
Trog was aware of your devotion.
You visited 1 branch of the dungeon, and saw 5 of its levels.

You collected 222 gold pieces.

Inventory:

Hand Weapons
 a - a +0 flail (weapon)
Armour
 b - a +0 robe (worn)
 c - a +0 hat (worn)
Jewellery
 x - a ring of magical power
Scrolls
 g - a scroll of magic mapping
 h - a scroll of fog {unknown}
 i - a scroll of amnesia {unknown}
 j - 2 scrolls of teleportation
 k - a scroll of acquirement {unknown}
 m - 2 scrolls of identify
 n - 2 scrolls of fear
 o - a scroll of enchant armour
 w - 3 scrolls of poison {unknown}
 y - a scroll of enchant weapon {unknown}
 z - 2 scrolls of noise {unknown}
Potions
 f - a potion of curing
 l - 4 potions of flight {unknown}
 p - 3 potions of attraction {unknown}
 q - 2 potions of heal wounds {unknown}
 r - a potion of resistance {unknown}
 s - a potion of invisibility {unknown}
 t - 2 potions of might {unknown}
 u - a potion of mutation {unknown}
 v - a potion of magic {unknown}


   Skills:
 + Level 4.1 Fighting
 * Level 4.1 Maces & Flails
 + Level 3.1 Throwing
 + Level 3.5 Dodging


You had 4 spell levels left.
You didn't know any spells.
Your spell library was empty.

Dungeon Overview and Level Annotations

Branches:
Dungeon (5/15)
 Temple: D:4-7

Altars:
Trog
Xom

Shops:
D:1 *


Innate Abilities, Weirdness & Mutations

You are too large for most types of armour.
You have tough skin. (AC +1)


Message History

You barely miss the water moccasin.
The water moccasin is lightly wounded.
You feel sick. The water moccasin bites you!
You are more poisoned.
The water moccasin poisons you!
You hit the water moccasin but do no damage.
The water moccasin is lightly wounded.
You feel very sick. The water moccasin bites you.
You are more poisoned.
The water moccasin poisons you!
You barely miss the water moccasin.
The water moccasin is lightly wounded.
You feel very sick. The water moccasin misses you.
You miss the water moccasin.
The water moccasin is lightly wounded.
You feel very sick. The water moccasin bites you.
* * * LOW HITPOINT WARNING * * *
The water moccasin bites you.
* * * LOW HITPOINT WARNING * * *
You sock the water moccasin!
The water moccasin is heavily wounded.
You feel sick. The water moccasin barely misses you.
You barely miss the water moccasin.
The water moccasin is heavily wounded.
You feel very sick. The water moccasin bites you.
* * * LOW HITPOINT WARNING * * *
You are lethally poisoned!
The water moccasin poisons you!
You completely miss the water moccasin.
The water moccasin is heavily wounded.
* * * LOW HITPOINT WARNING * * *
You feel very sick.
The water moccasin bites you but does no damage.
You miss the water moccasin.
The water moccasin is heavily wounded.
You die...

#.###.#.########
#.# #...........
###.###...########
#.....#...#
#.###.....#...#
.............#
###.....##..#
#......[.....
#@#.#.##..###.#
#S###.....# #.#
#.###.# #(. ..# ..
##. ### #. .. ##


You could see a water moccasin.

Vanquished Creatures
  An orc priest (D:4)
  2 hounds
  Ijyb (D:3)
  An adder (D:2)
  2 worms (D:2)
  5 orcs
  5 endoplasms
  A giant cockroach (D:1)
  5 goblins
  11 hobgoblins
  3 jackals (D:4)
  6 kobolds
  4 quokkas
  5 ball pythons
  7 bats
  3 frilled lizards
  2 rats
64 creatures vanquished.

Notes
Turn   | Place    | Note
-------+----------+-------------------------------------------
     0 | D:1      | KennySheep the Ogre Gladiator began the quest for the Orb.
     0 | D:1      | Reached XP level 1. HP: 22/22 MP: 1/1
    33 | D:1      | Found Lulat's General Store.
   293 | D:1      | Reached XP level 2. HP: 29/29 MP: 2/2
   753 | D:2      | Reached XP level 3. HP: 20/37 MP: 3/3
  1115 | D:2      | Found a faded altar of an unknown god.
  1133 | D:2      | Prayed at the altar of an unknown god.
  1133 | D:2      | Became a worshipper of Trog the Wrathful
  1133 | D:2      | Reached * piety under Trog
  1296 | D:3      | Found a shimmering altar of Xom.
  1388 | D:3      | Noticed Ijyb
  1404 | D:3      | Killed Ijyb
  1405 | D:3      | Reached XP level 4. HP: 45/45 MP: 4/4
  2016 | D:4      | Reached XP level 5. HP: 30/54 MP: 5/5
  3346 | D:5      | Entered Level 5 of the Dungeon
  3449 | D:5      | Noticed a water moccasin
  3465 | D:5      | HP: 4/81 [poisoned by a water moccasin]
  3466 | D:5      | Succumbed to a water moccasin's poison

Illustrated notes

Levels and vault maps discovered:
D:1:      mrwooster_arrival_statue_3, layout_basic, serial_shops,
          nicolae_shop_trees
D:2:      layout_rooms, hellmonk_ecumenical_altar_lost_god
D:3:      layout_loops_ring, overflow_temple_1_default, grunt_ministairs_5,
          minmay_misc_feat_ornament, columned_hall_lemuel, uniq_ijyb
D:4:      layout_gridville, sigmund_army
D:5:      layout_loops_ring, mainiacjoe_overflow_catwalk_spiral

Skill      XL: |  1  2  3  4  5 |
---------------+----------------+-----
Fighting       | 3 4 |  4.1
Maces & Flails | 3 4 |  4.1
Dodging        | 3 |  3.5
Throwing       | 3 |  3.1

Action                   |  1- 3 |  4- 6 || total
-------------------------+-------+-------++-------
Melee: Flail             |   110 |   144 ||   254
       Punch             |     1 |       ||     1
Throw: Throwing net      |       |     3 ||     3
       Large rock        |       |     1 ||     1
Invok: Berserk           |     1 |     1 ||     2
  Use: Potion            |     1 |       ||     1
       Scroll            |       |     4 ||     4
 Stab: Distracted        |       |     1 ||     1
Armor: Robe              |    28 |    46 ||    74
Dodge: Dodged            |    53 |   112 ||   165

Table legend: (Time is in decaauts)
 A = Elapsed time spent in this place.
 B = Non-inter-level travel time spent in this place.
 C = Inter-level travel time spent in this place.
 D = Time resting spent in this place.
 E = Time spent auto-exploring this place.
 F = Levels seen in this place.
 G = Mean time per level.
                   A        B        C        D        E       F      G
               +--------+--------+--------+--------+--------+-----+--------+
         Total |   3529 |   3399 |    130 |    312 |   2401 |   5 |  705.8 |
       Dungeon |   3529 |   3399 |    130 |    312 |   2401 |   5 |  705.8 |
               +--------+--------+--------+--------+--------+-----+--------+

Top non-repeatable levels by time:
     D:4: 1236 daAuts
     D:3: 879 daAuts
     D:1: 737 daAuts
     D:2: 553 daAuts
     D:5: 123 daAuts
